 Dungeon Crawl Stone Soup version 0.22.1-1-ga44c0e5 (webtiles) character file.

53 raph the Poker (level 3, -6/27 HPs)
             Began as a Merfolk Skald on Nov 10, 2018.
             Was an Initiate of Kikubaaqudgha.
             Killed from afar by an orc wizard (7 damage)
             ... with a magic dart
             ... on level 2 of the Dungeon.
             The game lasted 00:02:47 (1386 turns).

raph the Poker (Merfolk Skald)                      Turns: 1386, Time: 00:02:48

Health: -6/27      AC:  4    Str: 11    XL:     3   Next: 87%
Magic:  3/6        EV: 12    Int: 12    God:    Kikubaaqudgha [......]
Gold:   62         SH:  0    Dex: 14    Spells: 1/6 levels left

rFire    . . .     SeeInvis .   a - +0 spear
rCold    . . .     Gourm    .   (no shield)
rNeg     . . .     Faith    .   b - +0 leather armour
rPois    .         Spirit   .   h - +0 helmet
rElec    .         Reflect  .   (no cloak)
rCorr    .         Harm     .   (no gloves)
MR       .....                  (no boots)
Stlth    +.........             (no amulet)
HPRegen  0.09/turn              (no ring)
MPRegen  0.10/turn              (no ring)

@: flying, slowed, very slow
A: change form in water, swift swim, stealthy swim
a: Renounce Religion


You were on level 2 of the Dungeon.
You worshipped Kikubaaqudgha.
Kikubaaqudgha was noncommittal.
You were not hungry.

You visited 1 branch of the dungeon, and saw 2 of its levels.

You collected 62 gold pieces.

Inventory:

Hand Weapons
 a - a +0 spear (weapon)
Armour
 b - a +0 leather armour (worn)
 h - a +0 helmet (worn)
Scrolls
 e - a scroll of remove curse {unknown}
 f - a scroll of enchant armour {unknown}
 g - 2 scrolls of identify {unknown}
 i - a scroll of magic mapping {unknown}
 m - a scroll of teleportation {unknown}
Potions
 j - 2 potions of cancellation {unknown}
 l - 2 potions of heal wounds {unknown}
Comestibles
 d - 3 rations
 k - 2 chunks of flesh


   Skills:
 - Level 2.1 Fighting
 + Level 4.7 Polearms
 - Level 0.6 Armour
 - Level 2.6 Dodging
 - Level 2.0 Spellcasting
 + Level 4.3 Charms


You had one spell level left.
You knew the following spells:

 Your Spells              Type           Power        Failure   Level  Hunger
a - Infusion              Chrm           ##..         6%          1    ##.....
b - Song of Slaying       Chrm           ##......     10%         2    ###....
c - Shroud of Golubria    Chrm/Tloc      #.........   22%         2    ###....

Your spell library contained the following spells:

 Spells                   Type           Power        Failure   Level  Hunger
 Regeneration             Chrm/Necr      #.........   41%         3    ####...
 Spectral Weapon          Hex/Chrm       #.......     41%         3    ####...


Dungeon Overview and Level Annotations

Branches:
Dungeon (2/15)

Altars:
Kikubaaqudgha
Nemelex Xobeh
Qazlal


Message History

* * * LOW HITPOINT WARNING * * *
You hit the orc wizard.
The orc wizard is severely wounded.
The orc wizard hits you with a dagger.
* * * LOW HITPOINT WARNING * * *
The orc wizard barely misses you. x2
You barely miss the orc wizard.
The orc wizard is severely wounded.
The orc wizard hits you but does no damage.
The orc wizard hits you with a dagger.
* * * LOW HITPOINT WARNING * * *
It was a potion of flight.
You feel very buoyant.
You fly up into the air.
The orc wizard mumbles some strange words.
The orc wizard blinks!
The orc wizard gestures at you while chanting.
The magic dart hits you!
You die...
Kikubaaqudgha rasps: "You have failed me!
Welcome... death!"

#..............###.......####
#...<............##.........
##.........#...#.##.........
##.........##.#............
####.###......o)..........
#..##.........#.........
#.##.....#....#.........
#.#.......###.###.).....
#.#....@..###...........
..#....ยง...##....###....
.###...........#....#)..
#.......#.....#.......
#.......##.....####...
#.......###...........
##.....## ###..#.##...
##...## #......).. ##.##
###.........


You could see an orc wizard.

Vanquished Creatures
  2 adders (D:2)
  An ooze (D:2)
  A worm (D:2)
  2 orcs (D:2)
  4 goblins
  6 hobgoblins
  2 kobolds
  A quokka (D:2)
  2 bats
  2 frilled lizards
  A rat (D:1)
24 creatures vanquished.

Notes
Turn   | Place    | Note
-------+----------+-------------------------------------------
     0 | D:1      | raph the Merfolk Skald began the quest for the Orb.
     0 | D:1      | Reached XP level 1. HP: 16/16 MP: 3/3
   393 | D:1      | Reached XP level 2. HP: 22/22 MP: 1/5
   416 | D:1      | Learned a level 2 spell: Song of Slaying
   419 | D:1      | Learned a level 2 spell: Shroud of Golubria
   833 | D:2      | Reached XP level 3. HP: 13/27 MP: 0/6
  1014 | D:2      | Found a sparkling altar of Nemelex Xobeh.
  1030 | D:2      | Found a stormy altar of Qazlal.
  1031 | D:2      | Noticed a water elemental
  1033 | D:2      | Noticed an earth elemental
  1036 | D:2      | Noticed an air elemental
  1036 | D:2      | Noticed a fire elemental
  1208 | D:2      | Found an ancient bone altar of Kikubaaqudgha.
  1223 | D:2      | Became a worshipper of Kikubaaqudgha
  1385 | D:2      | HP: 1/27 [orc wizard/dagger (1)]
  1386 | D:2      | Killed from afar by an orc wizard

Skill      XL: |  1  2 |
---------------+-------+-----
Polearms       | 4 |  4.7
Charms         | 4 |  4.3
Fighting       | |  2.1
Armour         | |  0.6
Dodging        | |  2.6
Spellcasting   | |  2.0

Action                   || total
-------------------------++-------
Melee: Spear             ||    80
 Cast: Infusion          ||    14
  Use: Potion            ||     1
  Eat: Chunk             ||     2
Armor: Leather armour    ||    12
Dodge: Dodged            ||    29
